 Dungeon Crawl Stone Soup version 0.30.1-4-g462c640d31 (webtiles) character file.

Game seed: 16686412702117919861

2 safid the Chiller (level 1, 0/14 HPs)
             Began as a Merfolk Ice Elementalist on Sept 1, 2023.
             Frozen to death by an endoplasm (3 damage)
             ... on level 1 of the Dungeon.
             The game lasted 00:00:11 (38 turns).

safid the Chiller (Merfolk Ice Elementalist)          Turns: 38, Time: 00:00:11

Health: 0/14       AC:  2    Str:  8    XL:     1   Next: 40%
Magic:  0/3        EV: 12    Int: 14    God:
Gold:   0          SH:  0    Dex: 14    Spells: 3/4 levels left

rFire   . . .        (no weapon)
rCold   . . .        (no shield)
rNeg    . . .        a - +0 robe
rPois   .            (no helmet)
rElec   .            (no cloak)
rCorr   .            (no gloves)
SInv    .            (no boots)
Will    .....        (no amulet)
Stlth   ++           (no ring)
HPRegen 0.22/turn    (no ring)
MPRegen 0.08/turn

%: no passive effects
@: no status effects
A: (nimble swimmer 2), mertail
a: no special abilities


You were on level 1 of the Dungeon.
You visited 1 branch of the dungeon, and saw 1 of its levels.

Inventory:

Armour
 a - a +0 robe (worn)
Potions
 b - a potion of magic
 c - a potion of resistance {unknown}
 d - a potion of berserk rage {unknown}


   Skills:
 + Level 0.3 Fighting
 - Level 2.6 Dodging
 - Level 2.1 Stealth
 + Level 2.0 Spellcasting
 + Level 4.4 Ice Magic


You had 3 spell levels left.
You knew the following spells:

 Your Spells              Type           Power      Damage    Failure   Level
a - Freeze                Ice            52%        1d6       3%          1

Your spell library contained the following spells:

 Spells                   Type           Power      Damage    Failure   Level
 Frozen Ramparts          Ice            26%        1d4       12%         3
 Ozocubu's Armour         Ice            13%        N/A       12%         3
 Summon Ice Beast         Ice/Summ       7%         N/A       67%         4


Dungeon Overview and Level Annotations

Branches:
Dungeon (1/15)

Altars:


Innate Abilities, Weirdness & Mutations

((You are very nimble when in or above water. (Stealth+, EV+, Speed+++)))
Your lower body shifts to a powerful aquatic tail in water.


Message History

The endoplasm barely misses you. The goblin attacks as you move away!
The goblin hits you with a +0 club. The endoplasm attacks as you move away!
The endoplasm closely misses you.
You completely miss the goblin. The goblin hits you but does no damage.
You closely miss the goblin. The goblin hits you with a +0 club.
You barely miss the goblin. The goblin closely misses you.
You barely miss the goblin. The goblin closely misses you.
You closely miss the goblin. The goblin hits you with a +0 club.
You barely miss the goblin. The goblin hits you with a +0 club.
You closely miss the goblin. The goblin barely misses you.
You hit the goblin.
The goblin is moderately wounded.
The goblin hits you with a +0 club.
* * * LOW HITPOINT WARNING * * *
You closely miss the goblin.
The goblin is moderately wounded.
The goblin hits you but does no damage.
Casting: Freeze (safe; 4% risk of failure)
Confirm with . or Enter, or press ? or * to list all spells.
Aiming: Freeze (safe; 4% risk of failure)
Press: ? - help, Shift-Dir - straight line, f - goblin, p - endoplasm
Aim: a goblin, wielding a +0 club (moderately wounded)
You freeze the goblin.
You kill the goblin!
Unknown command.
Casting: Freeze (safe; 3% risk of failure)
Confirm with . or Enter, or press ? or * to list all spells.
You don't have enough magic to cast this spell.
You hit the endoplasm.
The endoplasm is severely wounded.
The endoplasm hits you.
* * * LOW HITPOINT WARNING * * *
You hit the endoplasm but do no damage.
The endoplasm is severely wounded.
The endoplasm hits you but does no damage.
You barely miss the endoplasm.
The endoplasm is severely wounded.
The endoplasm freezes you.
You are frozen.
You die...

#.............#...
##...........##..g
#+.........####.#
##.......##.##.#
##.....#'..##.####
##...###..##....#
##.## #........#
#. #.###....##.. .
#..@J........ ..
#####.#.####. ##
#)#.# #.. . ..#..#
#r#..# #.# .# ...
.# ..? #


You could see an endoplasm.

Vanquished Creatures
  2 goblins (D:1)
2 creatures vanquished.

Notes
Turn   | Place    | Note
-------+----------+-------------------------------------------
     0 | D:1      | safid the Merfolk Ice Elementalist began the quest for the
                  | Orb.
     0 | D:1      | Reached XP level 1. HP: 13/13 MP: 3/3
    38 | D:1      | Frozen to death by an endoplasm

Illustrated notes

Levels and vault maps discovered:
D:1:      lemuel_arrival_rhombus, layout_loops_ring

Action                     || total
---------------------------++-------
  Melee: Unarmed           ||    13
   Cast: Freeze            ||     4
 Armour: Robe              ||     3
  Dodge: Dodged            ||     9
